 Dungeon Crawl Stone Soup version 0.22-a0-362-g535178c (webtiles) character file.

137 iamserjio the Ruffian (level 5, -1/44 HPs)
             Began as a Naga Transmuter on Apr 21, 2018.
             Killed from afar by an orc wizard (7 damage)
             ... with a magic dart
             ... on level 2 of the Dungeon.
             The game lasted 00:04:05 (2001 turns).

iamserjio the Ruffian (Naga Transmuter)             Turns: 2001, Time: 00:04:06

Health: -1/44      AC:  2    Str: 13    XL:     5   Next: 20%
Magic:  2/8        EV: 10    Int: 13    God:
Gold:   81         SH:  0    Dex: 12    Spells: 4/8 levels left

rFire    . . .     SeeInvis +     - Unarmed
rCold    . . .     Gourm    .   (no shield)
rNeg     . . .     Faith    .   b - +0 robe
rPois    +         Spirit   .   (no helmet)
rElec    .         Reflect  .   (no cloak)
rCorr    .         Harm     .   (no gloves)
MR       .....                  (no barding)
Stlth    +.........             (no amulet)
HPRegen  0.14/turn              (no ring)
MPRegen  0.11/turn              (no ring)

@: short of breath, very slightly contaminated, very slow
A: large, see invisible, deformed body, poison resistance, slowness 2, slow
metabolism 1, spit poison 1, AC +1
a: Spit Poison


You were on level 2 of the Dungeon.
You were hungry.

You visited 1 branch of the dungeon, and saw 2 of its levels.

You collected 81 gold pieces.

Inventory:

Missiles
 a - 55 arrows
Armour
 b - a +0 robe (worn)
Scrolls
 i - a scroll of enchant weapon {unknown}
 j - a scroll of fear {unknown}
 m - a scroll of magic mapping {unknown}
 n - 3 scrolls of identify {unknown}
 o - a scroll of remove curse {unknown}
 p - a scroll of amnesia {unknown}
Potions
 c - a potion of agility {unknown}
 e - a potion of invisibility {unknown}
 f - a potion of degeneration {unknown}
 g - 3 potions of cancellation {unknown}
 h - a potion of flight {unknown}
 k - a potion of curing {unknown}
 l - a potion of berserk rage {unknown}
Comestibles
 d - 2 rations


   Skills:
 - Level 1.0 Fighting
 - Level 1.5 Dodging
 + Level 4.5 Unarmed Combat
 - Level 2.0 Spellcasting
 + Level 3.9 Transmutations


You had 4 spell levels left.
You knew the following spells:

 Your Spells              Type           Power        Failure   Level  Hunger
a - Beastly Appendage     Tmut           ##....       4%          1    ##.....
b - Spider Form           Tmut/Pois      #.........   34%         3    ####...


Dungeon Overview and Level Annotations

Branches:
Dungeon (2/15)

Altars:


Innate Abilities, Weirdness & Mutations

You cannot wear boots.
Your serpentine skin is tough. (AC +1)
You have supernaturally acute eyesight. (SInv)
Armour fits poorly on your strangely shaped body.
Your system is resistant to poisons. (rPois)
You cover ground very slowly.
You have a slow metabolism.
You can spit poison.


Message History

You have reached level 5!
Things that are here:
a flail; a ring mail
Press: ? - help, Shift-Dir - straight line, f - orc wizard
Aim: an orc wizard, wielding an enchanted dagger and wearing a robe The splash of poison hits the orc wizard.
The orc wizard is poisoned.
The orc wizard is lightly wounded.
You feel slightly more hungry.
You hit the orc wizard.
The orc wizard is severely wounded.
The orc wizard hits you with an enchanted dagger.
* * * LOW HITPOINT WARNING * * *
You closely miss the orc wizard.
The orc wizard is severely wounded.
Your transformation has ended.
Your +0 robe unmelds from your body.
The orc wizard gestures at you while chanting.
The magic dart hits you!
You die...

..#.####.# .........#
..#.###### .#..#
######### #.#.# #.......#
....#
########..###..##########
.####
.......#).#........†.....
..#
...)...o....#..#.##.####.
.#
....<..#@.###.>#.##.####.
..#
.......#.......#.......#.
..#
.......#######.####.##.#.
..# ....... #.####.##.#.
..# ####.......
#.....>.....
..##...........
...#######.##
............... ##.##
......... ##...#
......... #.....


You could see an orc wizard.

Vanquished Creatures
  A bullfrog skeleton (D:2)
  An orc wizard (D:2)
  5 adders
  A dart slug (D:2)
  A leopard gecko (D:2)
  3 orcs (D:2)
  4 bats (D:1)
  4 giant cockroaches (D:2)
  5 goblins
  A hobgoblin (D:1)
  A frilled lizard (D:1)
  3 kobolds (D:1)
  9 rats
39 creatures vanquished.

Notes
Turn   | Place    | Note
-------+----------+-------------------------------------------
     0 | D:1      | iamserjio the Naga Transmuter began the quest for the Orb.
     0 | D:1      | Reached XP level 1. HP: 18/18 MP: 3/3
   332 | D:1      | Reached XP level 2. HP: 24/25 MP: 5/5
  1143 | D:1      | Reached XP level 3. HP: 28/31 MP: 6/6
  1200 | D:2      | Learned a level 3 spell: Spider Form
  1446 | D:2      | Reached skill level 4 in Unarmed Combat
  1446 | D:2      | Reached XP level 4. HP: 4/38 MP: 0/7
  1996 | D:2      | Reached XP level 5. HP: 9/44 MP: 1/8
  2001 | D:2      | Killed from afar by an orc wizard

Vault maps used:
D:1:      dpeg_arrival_shrine, corexii_corridor_pit
D:2:      minmay_item_behind_shaft, small_statue_intersection

Skill      XL: |  1  2  3 |
---------------+----------+-----
Transmutations | 3 |  3.9
Unarmed Combat | 4 |  4.5
Fighting       | |  1.0
Dodging        | |  1.5
Spellcasting   | |  2.0

Action                   |  1- 3 |  4- 6 || total
-------------------------+-------+-------++-------
Melee: Unarmed           |   102 |    43 ||   145
 Cast: Spider Form       |     2 |     1 ||     3
 Abil: Spit Poison       |     9 |     5 ||    14
  Eat: Chunk             |     1 |     2 ||     3
Armor: Robe              |    14 |     1 ||    15
       Skin              |     2 |       ||     2
Dodge: Dodged            |    64 |    22 ||    86

Table legend:
 A = Spawn XP
 B = Non-spawn XP
 C = Spawn XP percentage of total XP
 D = Spawn monster count
 E = Non-spawn monster count
 F = Spawn count percentage of total count
 G = Total turns spent on level
                    A         B        C        D         E        F      G
               +---------+---------+-------+---------+---------+-------+---------
         Total |       0 |     196 |   0.0 |       0 |      39 |   0.0 |  2001
               +---------+---------+-------+---------+---------+-------+---------
           D:1 |       0 |      39 |   0.0 |       0 |      19 |   0.0 |  1169
           D:2 |       0 |     157 |   0.0 |       0 |      20 |   0.0 |   832
               +---------+---------+-------+---------+---------+-------+---------
